 Dungeon Crawl Stone Soup version 0.28-a0-1087-gf3fc490d9d (webtiles) character file.

Game seed: 11802846499589450978

1870 tilp the Chiller (level 8, -8/33 HPs)
             Began as a Felid Ice Elementalist on Dec 10, 2021.
             Was a Believer of Ru.
             Shot with an arrow by a centaur warrior (19 damage)
             ... on level 8 of the Dungeon.
             The game lasted 00:19:26 (11159 turns).

tilp the Chiller (Felid Ice Elementalist)          Turns: 11159, Time: 00:19:27

Health: -8/33      AC:  2    Str:  4    XL:     8   Next: 90%
Magic:  13/18      EV: 18    Int: 26    God:    Ru [**....]
Gold:   326        SH:  0    Dex: 17    Spells: 6/19 levels left
                                        Lives:  0   Deaths: 2

rFire   . . .      SeeInvis +     - Unarmed
rCold   . . .      Faith    .   (shield unavailable)
rNeg    . . .      Spirit   .   (armour unavailable)
rPois   .          Reflect  .   (helmet unavailable)
rElec   .          Harm     .   (cloak unavailable)
rCorr   +          Rampage  .   (gloves unavailable)
Will    +....                   (boots unavailable)
Stlth   +++.......              (no amulet)
HPRegen 0.11/turn               f - +6 ring of intelligence
MPRegen 0.16/turn               a - ring of resist corrosion

@: horrified, quick
A: very small, claws 1, fangs 3, see invisible, speed 1, shaggy fur 2, cowardly,
stealthy paws, missing an eye, no weapons or thrown items, no armour,
multi-lived
a: Renounce Religion


You were on level 8 of the Dungeon.
You worshipped Ru.
Ru was pleased with you.
You visited 2 branches of the dungeon, and saw 9 of its levels.
You also visited: Ossuary.

You collected 477 gold pieces.
You spent 151 gold pieces at shops.

Inventory:

Jewellery
 a - a ring of resist corrosion (right paw)
 f - a +6 ring of intelligence (left paw)
Wands
 j - a wand of acid (6)
Scrolls
 i - 2 scrolls of vulnerability
 l - a scroll of noise {unknown}
 p - a scroll of fog
Potions
 b - 3 potions of brilliance
 c - 2 potions of resistance
 d - 3 potions of haste
 e - 2 potions of mutation
 g - 2 potions of attraction
 h - 6 potions of curing
 k - 3 potions of degeneration {unknown}
 m - a potion of magic {unknown}
 n - a potion of flight {unknown}
 o - a potion of heal wounds
 q - 2 potions of might
 r - 2 potions of invisibility {unknown}


   Skills:
 - Level 2.0 Fighting
 - Level 4.0 Dodging
 - Level 6.0 Stealth
 - Level 4.0 Unarmed Combat
 - Level 6.0 Spellcasting
 * Level 6.9 Conjurations
 - Level 4.0 Hexes
 + Level 7.7 Ice Magic


You had 6 spell levels left.
You knew the following spells:

 Your Spells              Type           Power      Damage    Failure   Level
a - Freeze                Ice            100%       1d11      1%          1
b - Frozen Ramparts       Ice            74%        1d9       1%          3
c - Ozocubu's Armour      Ice            37%        N/A       1%          3
d - Hailstorm             Conj/Ice       35%        3d9       3%          4
e - Ensorcelled Hibernat  Hex/Ice        58%        N/A       1%          2

Your spell library contained the following spells:

 Spells                   Type           Power      Damage    Failure   Level
 Dazzling Flash           Conj/Hex       54%        N/A       2%          3
 Animate Skeleton         Necr           12%        N/A       7%          1
 Pain                     Necr           24%        1d5       7%          1
 Sting                    Tmut/Pois      24%        1d4       7%          1
 Summon Small Mammal      Summ           24%        N/A       7%          1
 Summon Guardian Golem    Hex/Summ       14%        N/A       9%          3
 Corpse Rot               Necr/Air       12%        N/A       11%         2
 Poisonous Vapours        Pois/Air       12%        N/A       11%         2
 Call Canine Familiar     Summ           6%         N/A       21%         3
 Vampiric Draining        Necr           6%         2d6       21%         3
 Silence                  Hex/Air        7%         N/A       63%         5
 Agony                    Necr           6%         N/A       88%         5
 Excruciating Wounds      Necr           Unusable   N/A       N/A         5

Dungeon Overview and Level Annotations

Branches:
Dungeon (8/15)             Temple (1/1) D:4         Ossuary (visited)
   Lair: D:8-11

Altars:
Ashenzari
Cheibriados
Dithmenos
Elyvilon
Fedhas
Gozag
Hepliaklqana
Kikubaaqudgha
Makhleb
Nemelex Xobeh
Okawaru
Qazlal
Ru
Sif Muna
Trog
Uskayaw
Vehumet
Wu Jian
Xom
Yredelemnul
Zin
The Shining One

Shops:
D:2 [?[:*   D:5 =   D:6 *

Annotations:
D:3 1 runed translucent door, Crazy Yiuf, Ijyb
D:7 Dowan, Duvessa


Innate Abilities, Weirdness & Mutations

You have sharp claws.
You have razor-sharp teeth.
You have supernaturally acute eyesight. (SInv)
You cover ground quickly. (Speed+)
You are covered in thick fur. (AC +2)
Your cowardice makes you less effective in combat with threatening foes.
Your paws help you pounce on unaware monsters.
You are missing an eye, making it more difficult to aim.
You are incapable of wielding weapons or throwing items.
You cannot wear armour.
You gain extra lives every three experience levels.


Message History

You scratch the orc warrior but do no damage.
The orc warrior is moderately wounded.
A centaur warrior comes into view.
The wall freezes the orc warrior.
The orc warrior hits you with a +2 vorpal hand axe.
You focus your inner power and illuminate the orc warrior in retribution!
You reel with horror at the sight of these foes!
You close the door.
The wall freezes the orc warrior.
The orc warrior hits you with a +2 vorpal hand axe.
You closely miss the orc warrior. Your bite misses the orc warrior.
The orc warrior is heavily wounded.
The wall freezes the orc warrior!
The orc warrior hits you with a +2 vorpal hand axe!
* * * LOW HITPOINT WARNING * * *
x2 Unknown command.
Casting: Ozocubu's Armour (safe; 1% risk of failure)
Confirm with . or Enter, or press ? or * to list all spells.
Aiming: Freeze (safe; 1% risk of failure)
Press: ? - help, Shift-Dir - straight line, f - orc warrior
Aim: an orc warrior, wielding a +2 vorpal hand axe and wearing a +0 plate armour (almost dead, softly glowing)
You freeze the orc warrior!
You kill the orc warrior!
Unknown command.
Your icy armour cracks and falls away as you move.
The frozen ramparts melt away as you move.
Things that are here:
a +2 vorpal hand axe; a +0 plate armour; an orc corpse The centaur warrior wields a +0 shortbow.
The centaur warrior shoots an arrow.
The arrow misses you.
You feel a twist of horror at the sight of this foe.
There is an open door here.
You close the door.
Okay, then.
Something unseen breaks down the door.
You feel a twist of horror at the sight of this foe.
Things that are here:
a +2 vorpal hand axe; a +0 plate armour; an orc corpse The centaur warrior shoots an arrow.
The arrow hits you!!
Ouch! That really hurt!
You die...

###### ###### ## #.....
...... #. #..... .....
#. #..... #...# #.
#..... #...# #. ##.....
#...# #. .......##...##
#. #.....c.....# #.
#......#.)@..# #.
..##...####+## ## #.
#.c# #...##..# #....#.
#.#.. #.......## #....#.
##.#..#..c.....# #....#.
#.#..##'###...'. #....#.
##........#..##'##....#.
#........#..##..#....#.
##.#...).#......#....#.


You could see a centaur warrior.

Vanquished Creatures
  Maggie (D:8)
  A wraith (Ossuary)
  2 acid dragons (D:8)
  5 orc warriors
  An ice beast (D:8)
  4 sky beasts
  2 black bears
  2 ogres (D:5)
  2 centaurs
  A phantom (D:7)
  3 bullfrogs
  5 scorpions
  3 killer bees (D:8)
  A centaur zombie (D:6)
  3 hounds
  A jelly (D:5)
  A gnoll shaman (D:7)
  A human zombie (Ossuary)
  2 orc priests (D:6)
  2 bullfrog zombies (D:5)
  An iguana (D:6)
  Terence (D:3)
  9 orc wizards
  2 killer bee zombies (D:7)
  3 mummies (Ossuary)
  A howler monkey zombie (D:8)
  A howler monkey skeleton (D:7)
  4 gnolls (D:7)
  4 adders
  2 shadow imps
  2 white imps (D:6)
  2 worms (D:2)
  3 dart slugs
  27 orcs
  2 bats
  5 endoplasms
  A giant cockroach (D:2)
  7 goblins
  11 hobgoblins
  3 jackals (D:2)
  9 kobolds
  2 quokkas (D:1)
  3 ball pythons
  2 frilled lizards (D:1)
  6 goblin zombies (Ossuary)
  5 hobgoblin zombies (Ossuary)
  An orc zombie (D:7)
  2 rats
164 creatures vanquished.

Notes
Turn   | Place    | Note
-------+----------+-------------------------------------------
     0 | D:1      | tilp the Felid Ice Elementalist began the quest for the
                  | Orb.
     0 | D:1      | Reached XP level 1. HP: 7/7 MP: 4/4
    83 | D:1      | Reached skill level 1 in Unarmed Combat
   347 | D:1      | Reached XP level 2. HP: 11/11 MP: 6/6
   680 | D:1      | Found a faded altar of an unknown god.
  1403 | D:2      | Reached XP level 3. HP: 14/14 MP: 7/7
  1540 | D:1      | Learned a level 3 spell: Frozen Ramparts
  1765 | D:2      | Reached skill level 4 in Ice Magic
  1901 | D:2      | Found Tuocsarph's Assorted Antiques.
  1909 | D:2      | Bought a scroll labelled ILAIMIOFRIMN for 20 gold pieces
  1909 | D:2      | Bought a scroll labelled SEWIKI VIGIRUI for 20 gold pieces
  2018 | D:2      | Found Xeuhiceh's Armour Shop.
  2032 | D:2      | Found a basalt altar of Yredelemnul.
  2039 | D:2      | Found Etso's Antique Armour Boutique.
  2106 | D:2      | Found Meydit's Magic Scroll Emporium.
  2274 | D:2      | Found Kosyxuvooc's Book Emporium.
  2361 | D:2      | Reached XP level 4. HP: 12/18 MP: 5/8
  2500 | D:2      | Learned a level 3 spell: Ozocubu's Armour
  2789 | D:2      | Bought a fuming blue potion for 18 gold pieces
  3247 | D:3      | Found a runed translucent door.
  3248 | D:3      | Noticed Crazy Yiuf
  3295 | D:3      | Noticed Ijyb
  3387 | D:3      | Noticed Terence
  3402 | D:3      | Killed Terence
  4234 | D:4      | Noticed a scorpion
  4239 | D:4      | Killed a scorpion
  4240 | D:4      | Reached skill level 5 in Ice Magic
  4240 | D:4      | Reached XP level 5. HP: 21/21 MP: 2/10
  4498 | D:4      | Found a staircase to the Ecumenical Temple.
  4516 | Temple   | Entered the Ecumenical Temple
  4660 | Temple   | Became a worshipper of Ru the Awakened
  4778 | D:4      | Noticed a black bear
  4793 | D:4      | Killed a black bear
  4794 | D:4      | Gained mutation: You are covered in thick fur. (AC +2)
                  | [Felid growth]
  4794 | D:4      | Reached XP level 6. HP: 22/24 MP: 2/12
  5113 | D:5      | Entered Level 5 of the Dungeon
  5550 | D:5      | Reached skill level 6 in Ice Magic
  5649 | D:5      | Reached XP level 7. HP: 21/28 MP: 6/14
  5879 | D:5      | Reached skill level 1 in Fighting
  6010 | D:5      | Found Qamp's One-of-a-Kind Rings.
  6591 | D:2      | Bought a scroll of identify for 22 gold pieces
  6591 | D:2      | Bought a scroll of magic mapping for 38 gold pieces
  6592 | D:2      | Bought a scroll of teleportation for 33 gold pieces
  6696 | D:6      | Found Zin's Purification Station.
  6864 | D:6      | Reached skill level 5 in Stealth
  6886 | D:6      | Gained mutation: You are missing an eye, making it more
                  | difficult to aim. [Ru sacrifice]
  6886 | D:6      | Reached * piety under Ru
  7339 | D:6      | Slain by an orc warrior
  7340 | D:6      | Reached XP level 6. HP: 0/26 MP: 5/13
  7371 | D:6      | Noticed a sky beast
  7385 | D:6      | HP: 1/26 [orc warrior (11)]
  7688 | D:6      | Found a glowing silver altar of Zin.
  7725 | D:6      | Noticed a sky beast
  7740 | D:6      | Reached XP level 7. HP: 30/30 MP: 7/14
  7753 | D:6      | Learned a level 4 spell: Hailstorm
  7784 | D:6      | Reached skill level 1 in Conjurations
  8278 | D:6      | Reached XP level 8. HP: 33/33 MP: 14/16
  8463 | D:7      | Noticed Duvessa
  8463 | D:7      | Noticed Dowan
  8523 | D:7      | Found a sand-covered staircase.
  8672 | Ossuary  | Entered an ossuary
  8917 | Ossuary  | Reached skill level 5 in Spellcasting
  9501 | D:7      | Reached skill level 7 in Ice Magic
  9577 | D:7      | Got Exorghog's Grimoire of Congealing Poison
  9593 | D:7      | Learned a level 2 spell: Ensorcelled Hibernation
  9957 | D:8      | Reached skill level 5 in Conjurations
  9957 | D:8      | Reached skill level 1 in Hexes
 10081 | D:8      | Reached XP level 9. HP: 36/36 MP: 11/18
 10502 | D:8      | Gained mutation: Your cowardice makes you less effective in
                  | combat with threatening foes. [Ru sacrifice]
 10502 | D:8      | Reached ** piety under Ru
 10879 | D:8      | Noticed Maggie
 11072 | D:8      | Killed from afar by Maggie
 11073 | D:8      | Reached XP level 8. HP: -7/33 MP: 10/18
 11077 | D:8      | Killed Maggie
 11149 | D:8      | Noticed a centaur warrior
 11159 | D:8      | Shot with an arrow by a centaur warrior

Illustrated notes

Levels and vault maps discovered:
D:1:      roderic_octagonal_star, layout_loops_corners,
          dreamdust_ecumenical_altar_hidden_monk_grotto, chequers_avenue,
          st_stairs_4
D:2:      layout_rooms, basic_altar, serial_shops, shop,
          nicolae_shop_statue_plus, nicolae_shop_behind_doors,
          nicolae_square_shop, nicolae_shop_advertising_works
          [nicolae_subvault_shop_adworks], minmay_quadrilaterals
D:3:      layout_basic, uniq_terence, uniq_crazy_yiuf_cottage, uniq_ijyb
D:4:      layout_basic, minmay_temple_entry_statues
D:5:      layout_loops_corners, nicolae_shop_unique_rings
D:6:      layout_basic, zin_purify
D:7:      layout_rooms, enter_ossuary_3, amcnicky_mini_rare_corridor_liquid,
          uniq_duvessa
D:8:      layout_gridville, minmay_manual_mess, uniq_maggie
Temple:   kilobyte_greek_temple

Skill      XL: |  1  2  3  4  5  6  7  8  9 |
---------------+----------------------------+-----
Unarmed Combat | 1 2 4 |  4.0
Ice Magic      | 4 5 6 7 |  7.7
Spellcasting   | 3 4 5 6 |  6.0
Dodging        | 3 4 |  4.0
Stealth        | 3 6 |  6.0
Fighting       | 2 |  2.0
Conjurations   | 3 5 6 |  6.9
Hexes          | 4 3 |  4.0

Action                   |  1- 3 |  4- 6 |  7- 9 || total
-------------------------+-------+-------+-------++-------
Melee: Unarmed           |    18 |    57 |   186 ||   261
       Bite              |     1 |       |    12 ||    13
       Punch             |       |       |     4 ||     4
 Cast: Freeze            |    47 |    29 |    29 ||   105
       Frozen Ramparts   |     2 |    13 |    26 ||    41
       Ozocubu's Armour  |       |     9 |    32 ||    41
       Hailstorm         |       |       |    14 ||    14
       Ensorcelled Hiber |       |       |     3 ||     3
Invok: Sacrifice an Eye  |       |       |     1 ||     1
       Sacrifice Courage |       |       |     1 ||     1
Evoke: Wand              |       |       |     8 ||     8
  Use: Scroll            |     2 |     9 |    10 ||    21
       Potion            |       |     2 |       ||     2
 Stab: Sleeping          |    11 |     4 |    14 ||    29
Armor: Skin              |     3 |    14 |    45 ||    62
Dodge: Dodged            |    51 |    52 |   146 ||   249

Table legend: (Time is in decaauts)
 A = Elapsed time spent in this place.
 B = Non-inter-level travel time spent in this place.
 C = Inter-level travel time spent in this place.
 D = Time resting spent in this place.
 E = Time spent auto-exploring this place.
 F = Levels seen in this place.
 G = Mean time per level.
                   A        B        C        D        E       F      G
               +--------+--------+--------+--------+--------+-----+--------+
         Total |  10047 |   9577 |    470 |   2036 |   5903 |  10 | 1004.7 |
       Dungeon |   9334 |   8890 |    444 |   1900 |   5770 |   8 | 1166.8 |
        Temple |    142 |    117 |     25 |      0 |    107 |   1 |  142.0 |
       Ossuary |    570 |    570 |      0 |    136 |     25 |   1 |  570.0 |
               +--------+--------+--------+--------+--------+-----+--------+

Top non-repeatable levels by time:
     D:5: 1588 daAuts
     D:1: 1583 daAuts
     D:6: 1409 daAuts
     D:8: 1111 daAuts
     D:3: 1063 daAuts
     D:2: 1056 daAuts
     D:4: 815 daAuts
     D:7: 705 daAuts
 Ossuary: 570 daAuts
  Temple: 142 daAuts
